 Dungeon Crawl Stone Soup version 0.31.0-11-ge490571c62 (webtiles) character file.

Game seed: 7984630779099804839

36 Gadfly the Ruffian (level 3, -8/26 HPs)
             Began as a Demonspawn Shapeshifter on Jan 27, 2024.
             Mangled by Terence
             ... wielding a +0 trident
              (9 damage)
             ... on level 2 of the Dungeon.
             The game lasted 00:01:06 (992 turns).

Gadfly the Ruffian (Demonspawn Shapeshifter)         Turns: 992, Time: 00:01:07

Health: -8/26      AC:  2    Str: 16    XL:     3   Next: 19%
Magic:  3/3        EV: 12    Int: 10    God:
Gold:   127        SH:  0    Dex: 12    Spells: 2/2 levels left

rFire   . .          .
                       - Unarmed
rCold   . . .        (no shield)
rNeg    . . .        a - +0 animal skin
rPois   .            (helmet currently unavailable)
rElec   .            (cloak currently unavailable)
rCorr   .            (gloves currently unavailable)
SInv    .            (boots currently unavailable)
Will    .....        (no amulet)
Stlth   +            (no ring)
HPRegen 0.24/turn    (no ring)
MPRegen 0.08/turn

%: no passive effects
@: beast-form
A: beast (slay +1), weakness stinger 1
a: Begin Untransformation


You were on level 2 of the Dungeon.
You were a hulking beast.
You visited 1 branch of the dungeon, and saw 2 of its levels.

You collected 127 gold pieces.

Inventory:

Armour
 a - a +0 animal skin (worn)
Talismans
 c - a beast talisman
 d - a flux talisman
Potions
 b - 2 potions of lignification
 e - a potion of berserk rage {unknown}
 f - a potion of attraction
 g - 3 potions of curing


   Skills:
 + Level 1.5 Fighting
 * Level 2.2 Dodging
 + Level 2.9 Unarmed Combat
 * Level 1.4 Evocations
 + Level 2.8 Shapeshifting


You had 2 spell levels left.
You didn't know any spells.
Your spell library contained the following spells:

 Spells                   Type           Power      Damage    Failure   Level
 Slow                     Hex            0%         N/A       36%         1
 Confusing Touch          Hex            0%         N/A       75%         3
 Sigil of Binding         Hex            0%         N/A       75%         3
 Vampiric Draining        Necr           0%         2d6       75%         3


Dungeon Overview and Level Annotations

Branches:
Dungeon (2/15)

Altars:
Nemelex Xobeh

Annotations:
D:2 Terence


Innate Abilities, Weirdness & Mutations

You are a hulking beast.
Your limbs bulge with bestial killing power. (Slay +1)
You have a small tail.


Message History

You hit Terence.
Terence is lightly wounded.
Terence hits you with a +0 trident.
You barely miss Terence. Terence hits you with a +0 trident!
You hit Terence.
Terence is lightly wounded.
You closely miss Terence.
Terence is lightly wounded.
Terence closely misses you.
You barely miss Terence.
Terence is lightly wounded.
Terence closely misses you.
You hit Terence. You punch Terence.
Terence is heavily wounded.
Terence hits you with a +0 trident.
You are too injured to fight recklessly!
You are too injured to fight recklessly!
You are too injured to fight recklessly!
You are too injured to fight recklessly!
You are too injured to fight recklessly!
You are too injured to fight recklessly!
You are too injured to fight recklessly!
You are too injured to fight recklessly!
You are too injured to fight recklessly!
You are too injured to fight recklessly!
You are too injured to fight recklessly!
You are too injured to fight recklessly!
You are too injured to fight recklessly!
You are too injured to fight recklessly!
You are too injured to fight recklessly!
You are too injured to fight recklessly!
You hit Terence.
Terence is severely wounded.
Terence hits you with a +0 trident!
* * * LOW HITPOINT WARNING * * *
You barely miss Terence.
Terence is severely wounded.
Terence hits you with a +0 trident!
You die...
Terence says, "That felt goooood."

########
.......#
+#####
########..
#....# ..#
###..#
#....#....#
#....#...@#
#.###_###h#
#..?.#....#
#....#..?.#
#..#####..#
#..$.#....#
#.# #'#####
#.# ##.# #.#
###..#
#.######...##


You could see Terence.

Vanquished Creatures
  An adder (D:2)
  3 endoplasms
  2 giant cockroaches (D:1)
  3 goblins (D:1)
  4 hobgoblins
  2 jackals (D:1)
  A kobold (D:1)
  3 ball pythons (D:1)
  2 bats (D:1)
  A frilled lizard (D:1)
  3 rats
25 creatures vanquished.

Notes
Turn   | Place    | Note
-------+----------+-------------------------------------------
     0 | D:1      | Gadfly the Demonspawn Shapeshifter began the quest for the
                  | Orb.
     0 | D:1      | Reached XP level 1. HP: 15/15 MP: 1/1
   158 | D:1      | Gained mutation: You have a small tail. [demonic ancestry]
   158 | D:1      | Reached XP level 2. HP: 21/21 MP: 2/2
   268 | D:1      | Reached skill level 1 in Evocations
   698 | D:2      | Found a sparkling altar of Nemelex Xobeh.
   868 | D:2      | Reached XP level 3. HP: 21/26 MP: 3/3
   977 | D:2      | Found a faded altar of an unknown god.
   979 | D:2      | Noticed Terence
   991 | D:2      | HP: 1/26 [Terence/+0 trident (10)]
   992 | D:2      | Mangled by Terence

Illustrated notes

Levels and vault maps discovered:
D:1:      scummos_arrival_gate, layout_basic, minivault_11, serial_park_tiny_2,
          kennysheep_boxes
D:2:      layout_loops_ring, basic_altar, shapermc_ecumenical_altar_notcrosses,
          kennysheep_generic_room_13, uniq_terence

Skill      XL: |  1  2 |
---------------+-------+-----
Dodging        | 2 |  2.2
Evocations     | 1 |  1.4
Fighting       | |  1.5
Unarmed Combat | |  2.9
Shapeshifting  | |  2.8

Action                     || total
---------------------------++-------
  Melee: Unarmed           ||    66
         Tailslap          ||     6
         Punch             ||     1
    Use: Scroll            ||     2
 Armour: Animal skin       ||    27
  Dodge: Dodged            ||    27
